 Dungeon Crawl Stone Soup version 0.20-a0-823-gdec668e (webtiles) character file.

4054 nikopol the Spear-Bearer (level 10, -8/88 HPs)
             Began as a Minotaur Berserker on Mar 5, 2017.
             Was an Elder of Trog.
             Mangled by a deep elf knight
             ... wielding a cursed +0 shortbow
              (9 damage)
             ... on level 8 of the Dungeon.
             The game lasted 00:15:12 (7216 turns).

nikopol the Spear-Bearer (Minotaur Berserker)       Turns: 7216, Time: 00:15:12

Health: -8/88      AC: 11    Str: 23    XL:     10   Next: 4%
Magic:  9/9        EV: 11    Int:  4    God:    Trog [****..]
Gold:   297        SH:  0    Dex: 12    Spells: 9/9 levels left

rFire    . . .     SeeInvis .   a - +0 trident
rCold    . . .     Gourm    .   g - +1 chain mail
rNeg     . . .     Faith    .   (no shield)
rPois    .         Spirit   .   (helmet restricted)
rElec    .         Reflect  .   (no cloak)
rCorr    .         Harm     .   (no gloves)
MR       ++...                  (no boots)
Stlth    ..........             (no amulet)
Regen    1.3/turn               (no ring)
MPRegen  0.2/turn               (no ring)

@: exhausted, regenerating, slowed, very slow
A: retaliatory headbutt, horns 2
a: Berserk, Trog's Hand, Brothers in Arms, Burn Spellbooks, Renounce Religion


You were on level 8 of the Dungeon.
You worshipped Trog.
Trog was greatly pleased with you.
You were very hungry.

You visited 1 branch of the dungeon, and saw 8 of its levels.

You collected 393 gold pieces.
You spent 96 gold pieces at shops.

Inventory:

Hand Weapons
 a - a +0 trident (weapon)
 z - a +0 shortbow
 A - a +0 spear
Missiles
 G - 11 arrows (quivered)
Armour
 b - a +0 animal skin
 g - a +1 chain mail (worn)
Jewellery
 o - an uncursed ring of see invisible {unknown}
 q - an uncursed ring of stealth {unknown}
 t - an uncursed ring of see invisible {unknown}
 w - a +3 ring of dexterity {unknown}
Wands
 K - a wand of disintegration (15/24)
Scrolls
 d - 2 scrolls of teleportation
 j - a scroll of enchant armour
 l - 4 scrolls of remove curse
 m - 3 scrolls of immolation
 p - 10 scrolls of identify
 s - a scroll of blinking
 u - a scroll of amnesia
 x - 2 scrolls of fear
 y - 2 scrolls of enchant weapon {unknown}
 E - a scroll of summoning {unknown}
 J - a scroll of brand weapon {unknown}
Potions
 e - a potion of agility {unknown}
 k - 3 potions of flight
 n - 2 potions of mutation {unknown}
 v - 3 potions of brilliance {unknown}
 C - a potion of lignification {unknown}
 D - a potion of might {unknown}
 H - a potion of curing
 I - a potion of heal wounds
Comestibles
 c - 5 bread rations
 h - 6 royal jellies
 r - 6 meat rations
 B - a fruit
 F - 10 chunks of flesh


   Skills:
 + Level 8.3 Fighting
 * Level 9.7 Polearms
 * Level 7.2 Bows
 + Level 7.3 Armour
 + Level 6.9 Dodging


You had 9 spell levels left.
You didn't know any spells.

Dungeon Overview and Level Annotations

Branches:
Dungeon (8/15)             Temple (0/1) D:4
   Lair: D:8-11

Altars:
Ashenzari
Ru
Sif Muna
The Shining One

Shops:
D:6 !


Innate Abilities, Weirdness & Mutations

You reflexively headbutt those who attack you in melee.
You have a pair of horns on your head.


Message History

* * * LOW HITPOINT WARNING * * *
Attack whom?
Press: ? - help, Dir - move target cursor, f/p - basilisk
Aim: a basilisk Something you can't see is in the way.
You closely miss something. Your headbutt misses something. Something hits you.
* * * LOW HITPOINT WARNING * * *
Something hits you.
* * * LOW HITPOINT WARNING * * *
Your skin crawls.
You feel resistant to hostile enchantments.
You feel somewhat more hungry. Something hits you!
* * * LOW HITPOINT WARNING * * *
The shadow imp shouts, "Kneel, thou errant toad-spotted cattle!"
The basilisk gazes at you. Something completely misses you. Something hits you!
* * * LOW HITPOINT WARNING * * *
Something hits you!
You die...

####.......##+#..#.#
).............>....#
##.............<...#
##........##.......#
##........####...###
##........# #####
#####################
# .....5(....# #
.....l#@..P# .....
#P...# .... #...P#
... #P...# .. #.(.P#
) #P(..# #...P#
#P...# ####'#


You could see a shadow imp.

Vanquished Creatures
  A two-headed ogre (D:8)
  An unseen horror (D:8)
  Grinder (D:6)
  A hippogriff (D:7)
  Eustachio (D:6)
  A yak (D:8)
  2 orc warriors (D:7)
  A black bear (D:7)
  An ice beast (D:5)
  A phantom (D:6)
  A centaur (D:5)
  2 ogres
  3 bullfrogs (D:6)
  A wyvern skeleton (D:6)
  2 scorpions
  4 killer bees
  A crimson imp (D:7)
  A quasit (D:7)
  A bullfrog zombie (D:7)
  6 orc priests
  A gnoll shaman (D:6)
  2 hounds
  A jelly (D:4)
  A centaur skeleton (D:8)
  An iguana (D:8)
  5 orc wizards
  6 worker ants
  2 hound skeletons
  Robin (D:2)
  11 adders
  13 gnolls
  A howler monkey skeleton (D:7)
  3 shadow imps
  An ooze (D:1)
  An adder skeleton (D:4)
  2 leopard geckos (D:7)
  34 orcs
  A ball python (D:3)
  4 giant cockroaches
  18 goblins
  14 hobgoblins
  5 jackals
  4 quokkas
  6 bats
  3 frilled lizards
  8 kobolds
  A leopard gecko zombie (D:6)
  A quokka skeleton (D:4)
  6 rats
190 creatures vanquished.

Vanquished Creatures (others)
  A vampire (D:8)
1 creature vanquished.

Grand Total: 191 creatures vanquished

Notes
Turn   | Place    | Note
-------+----------+-------------------------------------------
     0 | D:1      | nikopol the Minotaur Berserker began the quest for the Orb.
     0 | D:1      | Reached XP level 1. HP: 19/19 MP: 0/0
    45 | D:1      | Reached XP level 2. HP: 16/27 MP: 1/1
   487 | D:1      | Reached skill level 4 in Polearms
   487 | D:1      | Reached XP level 3. HP: 32/33 MP: 2/2
   628 | D:2      | Noticed Robin
   638 | D:2      | Reached ** piety under Trog
   642 | D:2      | Killed Robin
   740 | D:2      | Reached XP level 4. HP: 41/41 MP: 3/3
  1582 | D:3      | Reached skill level 5 in Fighting
  1582 | D:3      | Reached XP level 5. HP: 33/48 MP: 4/4
  1609 | D:3      | HP: 2/48 [poisoned by a killer bee]
  2133 | D:3      | Reached *** piety under Trog
  2492 | D:3      | Reached XP level 6. HP: 51/56 MP: 5/5
  2671 | D:4      | Reached skill level 5 in Polearms
  2704 | D:4      | Found a staircase to the Ecumenical Temple.
  3521 | D:5      | Entered Level 5 of the Dungeon
  3794 | D:5      | Found a sacrificial altar of Ru.
  3874 | D:5      | Reached skill level 5 in Armour
  3874 | D:5      | Reached XP level 7. HP: 36/63 MP: 6/6
  4205 | D:5      | Found a glowing golden altar of the Shining One.
  4260 | D:5      | Reached skill level 6 in Polearms
  4260 | D:5      | Reached skill level 1 in Bows
  4534 | D:6      | Noticed Grinder
  4551 | D:6      | Killed Grinder
  4551 | D:6      | Reached skill level 5 in Dodging
  4551 | D:6      | Reached XP level 8. HP: 38/71 MP: 7/7
  4768 | D:6      | Reached skill level 7 in Polearms
  5040 | D:6      | Found Reudaxto's Distillery.
  5054 | D:6      | Bought a potion of curing for 36 gold pieces
  5054 | D:6      | Bought a potion of heal wounds for 60 gold pieces
  5295 | D:6      | Found a shattered altar of Ashenzari.
  5296 | D:6      | Found a deep blue altar of Sif Muna.
  5309 | D:6      | Noticed Eustachio
  5374 | D:6      | Killed Eustachio
  5760 | D:7      | Reached skill level 8 in Polearms
  5761 | D:7      | Reached **** piety under Trog
  5864 | D:7      | Reached skill level 5 in Bows
  6001 | D:7      | Reached XP level 9. HP: 73/79 MP: 8/8
  6455 | D:7      | Received a gift from Trog
  6943 | D:7      | Found a glowing golden altar of the Shining One.
  7181 | D:8      | Noticed a two-headed ogre
  7185 | D:8      | Noticed a deep elf knight
  7190 | D:8      | Reached skill level 9 in Polearms
  7196 | D:8      | Killed a two-headed ogre
  7206 | D:8      | Killed an unseen horror
  7206 | D:8      | Reached XP level 10. HP: 81/88 MP: 9/9
  7216 | D:8      | HP: 1/88 [something (7)]
  7216 | D:8      | Mangled by a deep elf knight

Vault maps used:
D:1:      dpeg_arrival_arbitrary_c, hangedman_decor_slide_cut
D:2:      hangedman_decor_opposing, uniq_robin
D:3:      kennysheep_cross_bottleneck
D:4:      temple_green
D:5:      first_bread, basic_altar, tso_altar
D:6:      gammafunk_temple_overflow_wave, serial_shops, nicolae_shop_stone,
          uniq_eustachio, uniq_grinder
D:7:      lemuel_doored_altar, kennysheep_generic_room_14
D:8:      minmay_klotski, nicolae_overflow_crystal_walls, david_lair_generic,
          enter_ossuary_3, hangedman_pestilent_swarm, kennysheep_diamond,
          fedhas_bush_and_centaur_altar

Skill      XL: |  1  2  3  4  5  6  7  8  9 |
---------------+----------------------------+-----
Fighting       | 4 5 6 7 8 |  8.3
Polearms       | 4 5 6 8 9 |  9.7
Armour         | 3 4 5 6 7 |  7.3
Dodging        | 3 4 5 6 |  6.9
Bows           | 2 5 7 |  7.2

Action                   |  1- 3 |  4- 6 |  7- 9 | 10-12 || total
-------------------------+-------+-------+-------+-------++-------
Melee: Spear             |    93 |   205 |       |       ||   298
       Headbutt          |    11 |    28 |    60 |     2 ||   101
       Trident           |       |     7 |   363 |     8 ||   378
 Fire: Shortbow          |       |       |    75 |       ||    75
Invok: Berserk           |     1 |     1 |     3 |       ||     5
       Trog's Hand       |       |       |       |     1 ||     1
  Use: Scroll            |       |       |    10 |       ||    10
  Eat: Chunk             |       |    10 |    11 |       ||    21
       Fruit             |       |     1 |       |       ||     1
       Royal jelly       |       |       |     1 |       ||     1
Armor: Chain mail        |    29 |    63 |   208 |     2 ||   302
Dodge: Dodged            |    22 |    90 |   190 |     2 ||   304
